 Dungeon Crawl Stone Soup version 0.17-a0-1997-ga88ed7d (webtiles) character file.

58 Mordenkainen the Magician (level 3, 0/19 HPs)
             Began as a Deep Elf Wizard on Oct 8, 2015.
             Slain by a giant gecko (2 damage)
             ... on level 2 of the Dungeon.
             The game lasted 00:03:13 (863 turns).

Mordenkainen the Magician (Deep Elf Wizard)          Turns: 863, Time: 00:03:13

Health: 0/19       AC:  2    Str:  4    XL:     3   Next: 75%
Magic:  7/10       EV: 12    Int: 23    God:
Gold:   107        SH:  0    Dex: 13    Spells: 4 memorised, 2 levels left

rFire  . . .     SeeInvis .     k - +1 dagger (drain)
rCold  . . .     Clarity  .     a - +0 robe
rNeg   . . .     SustAt   .     (no shield)
rPois  .         Gourm    .     b - +0 hat
rElec  .         Spirit   .     (no cloak)
rCorr  .         Warding  .     (no gloves)
rMut   .         Stasis   .     (no boots)
MR     .....                    (no amulet)
Stlth  ++........               (no ring)
                                (no ring)

@: not resistant to hostile enchantments, unstealthy
A: no striking features
a: no special abilities


You were on level 2 of the Dungeon.
You were not hungry.

You visited 1 branch of the dungeon, and saw 2 of its levels.

You collected 107 gold pieces.

Inventory:

Hand Weapons
 k - a +1 dagger of draining (weapon)
Armour
 a - a +0 robe (worn)
 b - a +0 hat (worn)
Scrolls
 f - a scroll of fear {unknown}
 g - a scroll of identify {unknown}
 j - a scroll of immolation {unknown}
 m - a scroll of enchant weapon {unknown}
Potions
 e - 2 potions of curing {unknown}
Books
 c - a book of Minor Magic

   Spells                             Type                      Level
   a - Magic Dart                     Conjuration                  1
   b - Blink                          Translocation                2
   c - Call Imp                       Summoning                    2
   d - Repel Missiles                 Charms/Air                   2
   e - Slow                           Hexes                        2
   f - Conjure Flame                  Conjuration/Fire             3
   g - Mephitic Cloud                 Conjuration/Poison/Air       3
Comestibles
 d - a bread ration
 h - a beef jerky
 i - a meat ration
 l - a chunk of flesh


   Skills:
 - Level 2.4 Dodging
 - Level 2.4 Stealth
 - Level 4.4 Spellcasting
 * Level 4.1 Conjurations
   Level 1.1 Summonings
 - Level 1.1 Translocations


You had 2 spell levels left.
You knew the following spells:

 Your Spells              Type           Power        Failure   Level  Hunger
a - Magic Dart            Conj           ###.         1%          1    None
b - Blink                 Tloc           N/A          12%         2    None
c - Repel Missiles        Chrm/Air       #.....       17%         2    None
h - Mephitic Cloud        Conj/Pois/Air  ##......     21%         3    ##.....


Dungeon Overview and Level Annotations

Branches:
Dungeon (2/15)

Altars:


Message History

The giant gecko is moderately wounded.
The giant gecko bites you.
* * * LOW HITPOINT WARNING * * *
The giant gecko completely misses you.
You see here a goblin corpse.
The giant gecko hisses menacingly.
The giant gecko closely misses you.
The giant gecko hisses menacingly.
Casting: Magic Dart
Confirm with . or Enter, or press ? or * to list all spells.
Aiming: Magic Dart
Press: ? - help, Shift-Dir - straight line, f/p - giant gecko
Aim: a giant gecko (moderately wounded, clinging)
The magic dart hits the giant gecko.
The giant gecko is almost dead.
The giant gecko bites you but does no damage.
The giant gecko bites you.
* * * LOW HITPOINT WARNING * * *
The giant gecko bites you.
You die...

### ### #<####.# #.#....#
#.#.##.#############
#.#......##........#
##.#..#.#.##.######.#
...#..#.#.##.# #†#
####..#.#.##.######.########
..)............l@...........
.....†#.#.##.######.........
#####.#.#.##.# ########.#
#......##.# #......##.#
#......##.# #.....<...# #
#......#....# # #....).#
...#


You could see a giant gecko.

Vanquished Creatures
  2 adders (D:2)
  A worm (D:2)
  9 bats
  4 giant cockroaches (D:1)
  3 hobgoblins
  2 giant newts (D:1)
  8 goblins
  2 jackals (D:2)
  2 kobolds
  4 rats
37 creatures vanquished.

Notes
Turn   | Place    | Note
--------------------------------------------------------------
     0 | D:1      | Mordenkainen the Deep Elf Wizard began the quest for the Orb.
     0 | D:1      | Reached XP level 1. HP: 10/10 MP: 7/7
   189 | D:1      | Reached XP level 2. HP: 12/15 MP: 2/9
   732 | D:2      | Reached XP level 3. HP: 19/19 MP: 5/10
   801 | D:2      | Learned a level 2 spell: Blink
   804 | D:2      | Learned a level 2 spell: Repel Missiles
   809 | D:2      | Learned a level 3 spell: Mephitic Cloud
   863 | D:2      | Slain by a giant gecko

Vault maps used:
D:1:      minmay_arrival_loop

Action                   || total
-------------------------++-------
Melee: Dagger            ||    13
 Cast: Magic Dart        ||    61
 Stab: Sleeping          ||     1
